 Dungeon Crawl Stone Soup version 0.27.1-37-g7b29ead8ac (console) character file.

Game seed: 881909515161925383

310 grimtooth the Chopper (level 6, 0/50 HPs)
             Began as a Palentonga Abyssal Knight on Apr 22, 2023.
             Was a Believer of Lugonu.
             Slain by a gnoll (9 damage)
             ... on level 4 of the Dungeon.
             The game lasted 00:12:06 (4416 turns).

grimtooth the Chopper (Palentonga Abyssal Knight)   Turns: 4416, Time: 00:12:07

Health: 0/50       AC:  5    Str: 16    XL:     6   Next: 17%
Magic:  9/9        EV:  9    Int: 13    God:    Lugonu [**....]
Gold:   132        SH:  0    Dex: 10    Spells: 5/5 levels left

rFire    + . .     SeeInvis +   a - +1 hand axe
rCold    . . .     Faith    .   (no shield)
rNeg     . . .     Spirit   .   t - +0 leather armour
rPois    .         Reflect  .   r - +0 helmet
rElec    .         Harm     .   y - scarf {repulsion}
rCorr    .         Rampage  .   (no gloves)
Will     .....                  (no barding)
Stlth    +.........             n - amulet of regeneration
HPRegen  1.16/turn              w - ring of protection from fire
MPRegen  0.11/turn              (no ring)

@: about to teleport, repel missiles
A: large, rugged brown scales 3, see invisible, deformed body, roll 1, armoured
tail
a: Rolling Charge, Renounce Religion, Depart the Abyss, Bend Space


You were on level 4 of the Dungeon.
You worshipped Lugonu.
Lugonu was pleased with you.
You visited 1 branch of the dungeon, and saw 4 of its levels.
You visited the Abyss 1 time.

You collected 132 gold pieces.

Inventory:

Hand Weapons
 a - a +1 hand axe (weapon)
 b - a +2 dagger of electrocution
Missiles
 e - 46 sling bullets
 i - 108 stones (quivered)
 j - 5 datura-tipped darts
 m - a throwing net {=f}
 o - 4 boomerangs
 q - 3 curare-tipped darts
 x - 20 poisoned darts
Armour
 r - a +0 helmet (worn)
 t - a +0 leather armour (worn)
 y - a scarf of repulsion (worn)
Magical Staves
 g - a staff of cold
Jewellery
 n - an amulet of regeneration (around neck)
 w - a ring of protection from fire (left hand)
Wands
 s - a wand of digging (7)
Scrolls
 f - 3 scrolls of teleportation
 h - a scroll of magic mapping {unknown}
 k - 2 scrolls of identify {unknown}
 u - a scroll of blinking {unknown}
 v - a scroll of immolation {unknown}
Potions
 c - 5 potions of heal wounds {unknown}
 d - a potion of lignification {unknown}
 l - a potion of berserk rage {unknown}
 p - a potion of magic {unknown}


   Skills:
 - Level 3.0 Fighting
 * Level 5.5 Axes
 - Level 1.5 Armour
 - Level 0.7 Dodging
 + Level 4.3 Invocations


You had 5 spell levels left.
You didn't know any spells.
Your spell library contained the following spells:

 Spells                   Type           Power      Damage    Failure   Level
 Slow                     Hex            0%         N/A       50%         2
 Confusing Touch          Hex            0%         N/A       75%         3
 Yara's Violent Unravell  Hex/Tmut       0%         3d3       100%        5


Dungeon Overview and Level Annotations

Branches:
Dungeon (4/15)
 Temple: D:4-7

Altars:

Shops:
D:1 =[=(*


Innate Abilities, Weirdness & Mutations

You are completely covered in rugged brown scales. (AC +3, +7% HP)
You have supernaturally acute eyesight. (SInv)
Armour fits poorly on your strangely shaped body.
You can roll at nearby foes to attack.
You have a long armoured tail.


Message History

The orc is heavily wounded.
The orc hits you but does no damage. The gnoll hits you but does no damage.
You hit the orc but do no damage.
The orc is heavily wounded.
The orc hits you with a +0 short sword.
The gnoll hits you from afar with a +0 halberd.
You hit the orc.
The orc is severely wounded.
The orc barely misses you. The gnoll barely misses you.
You barely miss the orc.
You tail-slap the orc, but do no damage.
The orc is severely wounded.
The orc hits you with a +0 short sword.
The gnoll hits you from afar with a +0 halberd.
You hit the orc.
You kill the orc!
Lugonu accepts your kill.
The gnoll hits you from afar with a +0 halberd!
A gnoll comes into view. It is wielding a +2 spear of venom.
The gnoll shouts!
You hear a shout!
The gnoll hits you with a +0 halberd!
Items here: ( ))) [ †.
You hit the gnoll.
The gnoll is moderately wounded.
The gnoll hits you with a +0 halberd!
You hit the gnoll.
The gnoll is heavily wounded.
The gnoll hits you with a +0 halberd!
* * * LOW HITPOINT WARNING * * *
The gnoll barely misses you.
You see here a +0 whip.
A necrophage comes into view.
As you read the scroll of teleportation, it crumbles to dust.
You feel strangely unstable.
The gnoll hits you from afar with a +0 halberd.
* * * LOW HITPOINT WARNING * * *
The necrophage barely misses you.
You closely miss the necrophage.
The gnoll hits you from afar with a +0 halberd!
You die...

#.# #[#
#######.#######
.......).......
#######)#######
##########)#######
..................
####.#######.#####
#)## #.##
..##..######..#####
.......).......n@.#
####..###########.#
..'..# #g# #..#..#
#g# ####..# ####g#
.... .##'##....#
..... .........)#
.. ####.
..........# ...
##..#'##..# ....
#..#. #..##....
###### #..#
#..#....


You could see a necrophage and 3 gnolls.

Vanquished Creatures
  A wyvern skeleton (D:4)
  A howler monkey (D:4)
  An iguana (D:2)
  An orc wizard (D:4)
  2 hound skeletons
  4 adders
  2 dart slugs
  19 orcs
  4 bats
  6 endoplasms
  5 giant cockroaches (D:1)
  13 goblins
  7 hobgoblins
  10 kobolds
  3 quokkas
  2 ball pythons (D:1)
  2 frilled lizards
  4 rats
87 creatures vanquished.

Vanquished Creatures (others)
  3 plants (D:4)
3 creatures vanquished.

Grand Total: 90 creatures vanquished

Notes
Turn   | Place    | Note
-------+----------+-------------------------------------------
     0 | Abyss:1  | grimtooth the Palentonga Abyssal Knight began the quest for
                  | the Orb.
     0 | Abyss:1  | Reached XP level 1. HP: 19/19 MP: 2/2
    47 | Abyss:1  | Noticed a great orb of eyes
    48 | Abyss:1  | Noticed a large abomination
    49 | D:1      | Escaped the Abyss
    92 | D:1      | Found Ypruvad's Jewellery Emporium.
   370 | D:1      | Found Fucwaq's Jewellery Shoppe.
   526 | D:1      | Found Aggoin's Antique Armour Emporium.
   544 | D:1      | Reached * piety under Lugonu
   545 | D:1      | Reached XP level 2. HP: 18/25 MP: 3/3
   858 | D:1      | Found Cagizxos's Weapon Emporium.
  1072 | D:1      | Found Waaff's General Store.
  1163 | D:1      | Reached skill level 3 in Axes
  1305 | D:2      | Reached XP level 3. HP: 5/31 MP: 3/5
  2224 | D:2      | Reached XP level 4. HP: 11/37 MP: 6/6
  2728 | D:3      | Reached skill level 4 in Axes
  3109 | D:3      | Reached ** piety under Lugonu
  3275 | D:3      | Found a faded altar of an unknown god.
  3341 | D:3      | Reached XP level 5. HP: 42/43 MP: 7/7
  3427 | D:3      | Noticed an ogre
  3899 | D:4      | Reached skill level 5 in Axes
  4020 | D:4      | Reached XP level 6. HP: 47/50 MP: 7/9
  4416 | D:4      | Slain by a gnoll

Illustrated notes

Levels and vault maps discovered:
D:1:      nzn_arrival_crosshair, layout_basic, serial_shops,
          nicolae_square_shop, nicolae_diamond_shop, nicolae_shop_trees,
          nicolae_shop_crystal, nicolae_shop_behind_doors
D:2:      layout_basic, minmay_3d_cube
D:3:      layout_basic, basic_ecumenical_altar, minmay_ogre_servants
D:4:      corexii_shack_village, layout_basic

Skill      XL: |  1  2  3  4  5 |
---------------+----------------+-----
Axes           | 3 4 5 |  5.5
Invocations    | 3 4 |  4.3
Fighting       | |  3.0
Armour         | |  1.5
Dodging        | |  0.7

Action                   |  1- 3 |  4- 6 || total
-------------------------+-------+-------++-------
Melee: Hand axe          |    99 |   172 ||   271
       Tailslap          |    12 |    16 ||    28
Throw: Stone             |     4 |       ||     4
Invok: Depart the Abyss  |     1 |       ||     1
 Abil: Rolling Charge    |    20 |    31 ||    51
  Use: Scroll            |       |     2 ||     2
Armor: Leather armour    |    33 |    45 ||    78
Dodge: Dodged            |    34 |    56 ||    90
